 Dungeon Crawl Stone Soup version 0.32-a0-818-gb728d0252e (webtiles) character file.

Game seed: 16198864158598210194

245 Lanoc the Chopper (level 5, 0/70 HPs)
             Began as a Mountain Dwarf Berserker on Mar 24, 2024.
             Was a Believer of Trog.
             Slain by a cerulean imp
             ... wielding a +2 spear
             ... summoned by Natasha
              (3 damage)
             ... on level 4 of the Dungeon.
             The game lasted 00:03:43 (2962 turns).

Lanoc the Chopper (Mountain Dwarf Berserker)        Turns: 2962, Time: 00:03:44

Health: 0/70       AC:  2    Str: 21    XL:     5   Next: 83%
Magic:  5/5        EV: 10    Int:  8    God:    Trog [**....]
Gold:   190        SH:  0    Dex:  9    Spells: 4/4 levels left

rFire   + . .        a - +0 hand axe
rCold   . . .        l - orb {light}
rNeg    . . .        b - +0 animal skin
rPois   .            (no helmet)
rElec   .            (no cloak)
rCorr   .            (no gloves)
SInv    .            (no boots)
Will    .....        v - amulet of the acrobat Stlth
                     h - ring of protection from fire
HPRegen 0.31/turn    (no ring)
MPRegen 0.09/turn

%: acrobat
@: berserking, slowed, glowing
A: runic magic, artefact enchanting
a: Renounce Religion, Berserk, Trog's Hand


You were on level 4 of the Dungeon.
You worshipped Trog.
Trog was pleased with you.
You visited 1 branch of the dungeon, and saw 4 of its levels.

You collected 190 gold pieces.

Inventory:

Hand Weapons
 a - a +0 hand axe (weapon)
 s - a +0 war axe
Missiles
 i - a throwing net (quivered)
Armour
 b - a +0 animal skin (worn)
 l - an orb of light (worn)
Jewellery
 h - a ring of protection from fire (left hand)
 v - an amulet of the acrobat (around neck)
Scrolls
 d - a scroll of revelation {unknown}
 f - a scroll of teleportation {unknown}
 g - a scroll of poison {unknown}
 k - 7 scrolls of identify {unknown}
 n - a scroll of enchant weapon {unknown}
 r - a scroll of noise {unknown}
Potions
 c - a potion of mutation {unknown}
 e - a potion of magic {unknown}
 j - 5 potions of curing {unknown}
 m - 2 potions of heal wounds {unknown}
 o - a potion of ambrosia {unknown}
 p - a potion of brilliance {unknown}
 q - a potion of resistance {unknown}
 t - a potion of haste {unknown}


   Skills:
 + Level 4.6 Fighting
 * Level 6.2 Axes
 + Level 3.7 Armour
 - Level 1.3 Dodging


You had 4 spell levels left.
You didn't know any spells.
Your spell library was empty.

Dungeon Overview and Level Annotations

Branches:
Dungeon (4/15)
 Temple: D:4-7

Altars:
Fedhas
Makhleb
Zin

Shops:
D:3 :

Annotations:
D:4 Natasha


Innate Abilities, Weirdness & Mutations

Your spellcasting is much less encumbered by armour.
You can use scrolls of enchantment on lesser artefacts.


Message History

The cerulean imp hits you from afar with a +2 spear.
You hit Natasha but do no damage. Natasha claws you!
The cerulean imp closely misses you. Natasha claws you.
You hit Natasha.
Natasha is lightly wounded.
The cerulean imp hits you from afar with a +2 spear.
Natasha closely misses you.
The cerulean imp hits you from afar with a +2 spear.
You closely miss Natasha.
Natasha is lightly wounded.
Natasha howls an incantation.
You feel troubled. Natasha claws you!
The cerulean imp hits you from afar with a +2 spear.
Natasha barely misses you.
A red film seems to cover your vision as you go berserk!
You feel yourself moving faster!
You feel mighty! The cerulean imp barely misses you.
Natasha completely misses you.
The cerulean imp hits you from afar with a +2 spear.
* * * LOW HITPOINT WARNING * * *
You barely miss Natasha.
Natasha mumbles some strange words.
The cerulean imp barely misses you.
You barely miss Natasha. Natasha claws you.
* * * LOW HITPOINT WARNING * * *
The cerulean imp misses you.
You slash Natasha!
Natasha is severely wounded.
Natasha claws you!
* * * LOW HITPOINT WARNING * * *
The cerulean imp barely misses you.
The cerulean imp hits you from afar with a +2 spear.
* * * LOW HITPOINT WARNING * * *
You closely miss Natasha.
Natasha is severely wounded.
Natasha claws you but does no damage.
The cerulean imp hits you from afar with a +2 spear.
* * * LOW HITPOINT WARNING * * *
The cerulean imp hits you from afar with a +2 spear.
You die...

#............ .. #.>..........
##.###### ##.........)).
..........#####............# #.
##..............<........# ..
#.........###.###......... .#
#........5#5.............. .#
#.........h.#.....#....... ##.#
#........@###.....#......# ###..#
#.........##...>..#.#...##
P##.####......†..........#.#.###
..................###....#.#.#
.P#.###†........!.#..........#
.P#.###.........[.#..........#
..................#..........#
.P.#............#.#..........####
.#.#............#.#..............


You could see Natasha and 2 cerulean imps.

Vanquished Creatures
  A bombardier beetle (D:3)
  A hound (D:4)
  Natasha (twice) (D:4)
  6 adders
  3 dart slugs
  3 ribbon worms
  8 ball pythons
  3 endoplasms
  4 giant cockroaches (D:4)
  6 goblins
  3 hobgoblins
  8 kobolds
  3 quokkas
  3 bats
  A frilled lizard (D:1)
  9 rats
64 creatures vanquished.

Notes
Turn   | Place    | Note
-------+----------+-------------------------------------------
     0 | D:1      | Lanoc the Mountain Dwarf Berserker began the quest for the
                  | Orb.
     0 | D:1      | Reached XP level 1. HP: 19/19 MP: 1/1
   728 | D:1      | Reached skill level 4 in Axes
   735 | D:1      | Reached XP level 2. HP: 26/26 MP: 2/2
  1214 | D:2      | Reached XP level 3. HP: 26/31 MP: 3/3
  1246 | D:2      | Reached ** piety under Trog
  1846 | D:3      | Found Vokoit's Book Emporium.
  1909 | D:3      | Reached XP level 4. HP: 36/40 MP: 4/4
  1923 | D:3      | Found a burning altar of Makhleb.
  1927 | D:3      | Found a glowing silver altar of Zin.
  1935 | D:3      | Reached skill level 5 in Axes
  2250 | D:3      | Found a blossoming altar of Fedhas.
  2525 | D:4      | Identified the +0 short sword "Ogre's Doom" {freeze, Dex+4
                  | Stlth+}
  2545 | D:4      | Reached XP level 5. HP: 26/46 MP: 5/5
  2626 | D:4      | Noticed Natasha
  2636 | D:4      | Killed Natasha
  2694 | D:4      | Reached skill level 6 in Axes
  2839 | D:4      | Noticed Natasha
  2849 | D:4      | Killed Natasha
  2949 | D:4      | Noticed Natasha
  2962 | D:4      | HP: 3/70 [cerulean imp/+2 spear[Natasha] (4)]
  2962 | D:4      | Slain by a cerulean imp

Illustrated notes

Levels and vault maps discovered:
D:1:      dpeg_arrival_ratfight, layout_loops_corners
D:2:      layout_basic, grunt_decor_clamped
D:3:      layout_rooms, grunt_temple_overflow_order_and_chaos_2, fedhas_altar_1,
          serial_shops, shop
D:4:      layout_rooms, serial_forest, infiniplex_forest_lined_corner,
          infiniplex_forest_clump_diagonal, infiniplex_forest_clump_diagonal,
          infiniplex_forest_clump_medium, infiniplex_forest_lined_corner,
          uniq_natasha

Skill      XL: |  1  2  3  4  5 |
---------------+----------------+-----
Axes           | 4 5 6 |  6.2
Armour         | 3 |  3.7
Fighting       | 4 |  4.6
Dodging        | |  1.3

Action                     |  1- 3 |  4- 6 || total
---------------------------+-------+-------++-------
  Melee: Hand axe          |   126 |   111 ||   237
 Invoke: Berserk           |       |     2 ||     2
 Armour: Animal skin       |    85 |    70 ||   155
  Dodge: Dodged            |    88 |    64 ||   152

Table legend: (Time is in decaauts)
 A = Elapsed time spent in this place.
 B = Non-inter-level travel time spent in this place.
 C = Inter-level travel time spent in this place.
 D = Time resting spent in this place.
 E = Time spent auto-exploring this place.
 F = Levels seen in this place.
 G = Mean time per level.
                   A        B        C        D        E       F      G
               +--------+--------+--------+--------+--------+-----+--------+
         Total |   2989 |   2884 |    105 |      0 |   2365 |   4 |  747.2 |
       Dungeon |   2989 |   2884 |    105 |      0 |   2365 |   4 |  747.2 |
               +--------+--------+--------+--------+--------+-----+--------+

Top non-repeatable levels by time:
     D:1: 1040 daAuts
     D:2: 787 daAuts
     D:4: 615 daAuts
     D:3: 547 daAuts
